 Dungeon Crawl Stone Soup version 0.26-a0-834-g69557b85cc (webtiles) character file.

Game seed: 18232378878994648681

193 robertstho the Firebug (level 5, -3/42 HPs)
             Began as a Deep Elf Fire Elementalist on Nov 16, 2020.
             Slain by a phantom (6 damage)
             ... on level 4 of the Dungeon.
             The game lasted 00:05:36 (3614 turns).

robertstho the Firebug (Deep Elf Fire Elementalist) Turns: 3614, Time: 00:05:36

Health: -3/42      AC:  4    Str:  5    XL:     5   Next: 44%
Magic:  4/14       EV: 13    Int: 21    God:
Gold:   180        SH:  0    Dex: 15    Spells: 13/14 levels left

rFire    . . .     SeeInvis .   m - +0 dagger
rCold    . . .     Faith    .   (no shield)
rNeg     . . .     Spirit   .   a - +0 robe
rPois    .         Reflect  .   o - +0 helmet
rElec    .         Harm     .   j - scarf {repulsion}
rCorr    .         Rampage  .   t - +0 pair of gloves
MR       .....                  (no boots)
Stlth    ..........             (no amulet)
HPRegen  0.14/turn              (no ring)
MPRegen  0.14/turn              (no ring)

@: berserking, attractive, repel missiles, very quick
A: no striking features
a: no special abilities


You were on level 4 of the Dungeon.
You visited 1 branch of the dungeon, and saw 4 of its levels.

You collected 180 gold pieces.

Inventory:

Hand Weapons
 m - a +0 dagger (weapon)
Missiles
 p - 17 poisoned darts (quivered)
Armour
 a - a +0 robe (worn)
 j - a scarf of repulsion (worn)
 o - a +0 helmet (worn)
 t - a +0 pair of gloves (worn)
Jewellery
 e - an uncursed amulet of guardian spirit {unknown}
 r - a +6 ring of strength {unknown}
Wands
 s - a wand of polymorph (15)
Scrolls
 c - 2 scrolls of fear {unknown}
 f - 5 scrolls of identify {unknown}
 g - 2 scrolls of enchant weapon {unknown}
 h - 2 scrolls of enchant armour {unknown}
 i - a scroll of random uselessness {unknown}
 k - a scroll of teleportation {unknown}
 l - 4 scrolls of remove curse {unknown}
 q - a scroll of amnesia {unknown}
Potions
 d - a potion of magic {unknown}
 n - a potion of curing {unknown}
 u - a potion of degeneration {unknown}


   Skills:
 + Level 0.2 Fighting
 + Level 0.5 Short Blades
 + Level 2.6 Dodging
 + Level 3.2 Stealth
 * Level 5.0 Spellcasting
 + Level 1.8 Conjurations
 * Level 5.1 Fire Magic


You had 13 spell levels left.
You knew the following spells:

 Your Spells              Type           Power        Failure   Level
a - Foxfire               Conj/Fire      ###.         2%          1

Your spell library contained the following spells:

 Spells                   Type           Power        Failure   Level
 Conjure Flame            Conj/Fire      ###.....     8%          3
 Inner Flame              Hex/Fire       ###.....     12%         3
 Sticky Flame             Conj/Fire      ###.....     26%         4
 Fireball                 Conj/Fire      ###.......   58%         5


Dungeon Overview and Level Annotations

Branches:
Dungeon (4/15)
 Temple: D:4-7

Altars:


Message History

The adder closely misses you.
The foxfire hits the phantom but does no damage.
The phantom is moderately damaged.
You feel sick.
You are no longer poisoned.
Okay, then.
It was a potion of attraction.
You feel attractive to monsters. The adder barely misses you.
The phantom hits you but does no damage.
The adder completely misses you. The phantom is pulled toward you!
The adder is pulled toward you! The phantom hits you.
* * * LOW HITPOINT WARNING * * *
The adder bites you.
* * * LOW HITPOINT WARNING * * *
It was a potion of berserk rage.
A red film seems to cover your vision as you go berserk!
You feel yourself moving faster!
You feel mighty! The phantom hits you.
You die...

#.........##.#
#########...#####.#
#$.............##.#
#..............##.#
#....).........##.#
#.........)....##..
#..............# ..
#..O...........##..
#.@S...............
#..W...............
#..................
###############.#?#
..... ...#.#
....... .....# #
.......


You could see a phantom, an ogre and an adder.

Vanquished Creatures
  An orc wizard (D:3)
  An iguana (D:4)
  A worker ant (D:4)
  3 adders
  An ooze (D:4)
  An adder skeleton (D:4)
  2 worms
  2 dart slugs
  5 leopard geckos
  5 orcs
  6 bats
  5 giant cockroaches
  7 goblins
  6 hobgoblins
  4 jackals (D:1)
  5 kobolds
  2 quokkas
  5 frilled lizards
  2 rats
64 creatures vanquished.

Vanquished Creatures (others)
  244 foxfires
  8 toadstools (D:4)
252 creatures vanquished.

Grand Total: 316 creatures vanquished

Notes
Turn   | Place    | Note
-------+----------+-------------------------------------------
     0 | D:1      | robertstho the Deep Elf Fire Elementalist began the quest
                  | for the Orb.
     0 | D:1      | Reached XP level 1. HP: 10/10 MP: 6/6
   569 | D:1      | Reached XP level 2. HP: 15/15 MP: 4/8
  1366 | D:2      | Reached XP level 3. HP: 19/19 MP: 5/9
  2146 | D:3      | Reached XP level 4. HP: 24/24 MP: 5/11
  3137 | D:3      | Found a faded altar of an unknown god.
  3238 | D:4      | Reached skill level 5 in Fire Magic
  3238 | D:4      | Reached XP level 5. HP: 28/28 MP: 7/13
  3537 | D:4      | Reached skill level 5 in Spellcasting
  3585 | D:4      | Noticed an ogre
  3585 | D:4      | Noticed a phantom
  3614 | D:4      | Slain by a phantom

Illustrated notes

Levels and vault maps discovered:
D:1:      lightli_arrival_quake, layout_loops_corners, minmay_misc_feat_enclosed
D:2:      layout_basic
D:3:      layout_basic, chequers_ecumenical_altar_lobes, serial_park_tiny_pond
D:4:      cheibrodos_fertilizer, layout_basic, nicolae_ru_path_of_blood,
          st_stairs_10, kennysheep_generic_room_12

Skill      XL: |  1  2  3  4  5 |
---------------+----------------+-----
Fire Magic     | 4 5 |  5.1
Stealth        | 3 |  3.2
Spellcasting   | 4 5 |  5.0
Fighting       | |  0.2
Short Blades   | |  0.5
Dodging        | |  2.6
Conjurations   | |  1.8

Action                   |  1- 3 |  4- 6 || total
-------------------------+-------+-------++-------
Melee: Dagger            |     6 |    26 ||    32
 Cast: Foxfire           |    83 |    73 ||   156
  Use: Potion            |       |     2 ||     2
 Stab: Sleeping          |       |     3 ||     3
Armor: Robe              |     1 |     9 ||    10
Dodge: Dodged            |    12 |    38 ||    50
       Repelled          |       |     3 ||     3

Table legend: (Time is in decaauts)
 A = Elapsed time spent in this place.
 B = Non-inter-level travel time spent in this place.
 C = Inter-level travel time spent in this place.
 D = Time resting spent in this place.
 E = Time spent auto-exploring this place.
 F = Levels seen in this place.
 G = Mean time per level.
                   A        B        C        D        E       F      G
               +--------+--------+--------+--------+--------+-----+--------+
         Total |   3612 |   3543 |     69 |      0 |   2982 |   4 |  903.0 |
       Dungeon |   3612 |   3543 |     69 |      0 |   2982 |   4 |  903.0 |
               +--------+--------+--------+--------+--------+-----+--------+

Top non-repeatable levels by time:
     D:1: 1226 daAuts
     D:3: 1128 daAuts
     D:2: 869 daAuts
     D:4: 388 daAuts
